Map: Dusty Gorge

Players

Massa - Winner!

  • Race: Terran Terran
  • League: Gold
  • Spawn Location: 5:00

qqq - Winner!

  • Race: Zerg Zerg
  • League: Platinum
  • Spawn Location: 3:00

Loki

  • Race: Terran Terran
  • League: Gold
  • Spawn Location: 9:00

LDH

  • Race: Zerg Zerg
  • League: Diamond
  • Spawn Location: 11:00

VOD

Have the link to the VOD?

Description

Time

  • Played on: May 12, 2020, 2:43 p.m.
  • Length: 10:54
Show
View Real Time Build Order
Export as new Build Order

Massa Terran - Winner!

Build Orders:  

Get SALT Encoding   

  12  0:12  Supply Depot  
  12  0:13  SCV  
  13  0:25  SCV  
  14  0:34  Barracks  
  14  0:37  SCV  
  15  0:50  SCV  
  15  0:51  Supply Depot  
  16  1:03  SCV  
  17  1:10  Barracks  
  17  1:15  SCV  
  18  1:21  Marine  
  19  1:27  Barracks  
  19  1:34  SCV  
  19  1:39  Marine  
  21  1:41  Refinery  
  21  1:46  SCV  
  22  1:53  Barracks  
  22  1:57  Marine  
  23  2:03  Marine  
  24  2:14  Marine  
  25  2:16  Supply Depot  
  25  2:17  Marine  
  25  2:20  Marine  
  27  2:30  SCV  
  27  2:32  Marine  
  27  2:35  Marine  
  30  2:38  Marine  
  30  2:42  Marine  
  32  2:50  Marine  
  33  2:53  Marine  
  33  2:56  Marine, Supply Depot  
  35  3:00  Marine  
  35  3:03  Supply Depot  
  36  3:08  Marine  
  36  3:10  Marine  
  38  3:14  Marine  
  38  3:18  Marine  
  40  3:26  Marine  
  41  3:28  Marine  
  41  3:32  Marine  
  43  3:36  Marine  
  44  3:44  Marine  
  44  3:46  Marine  
  46  3:55  Marine x2  
  47  4:01  Marine  
  49  4:04  Marine  
  50  4:13  Marine x2  
  52  4:19  Marine  
  52  4:22  Marine  
  54  4:31  Marine  
  55  4:40  Marine  
  55  4:43  Marine x2  
  50  4:48  Marine  
  46  4:58  Marine  
  47  5:00  Factory, Marine  
  47  5:01  Marine  
  47  5:04  Supply Depot  
  47  5:06  Marine  
  50  5:15  Orbital Command, Marine  
  50  5:18  Marine  
  50  5:19  Engineering Bay, Marine  
  53  5:46  Factory Tech Lab  
  53  5:54  Missile Turret  
  53  6:03  Marine x4  
  57  6:15  Missile Turret  
  57  6:21  Marine x2  
  57  6:36  Missile Turret  
  34  7:17  Marine x4  
  34  7:19  Siege Tank  
  29  7:34  Marine  
  29  7:35  Marine x3  
  32  7:51  Siege Tank  
  32  7:52  Marine  
  32  7:53  Marine  
  32  7:54  SCV  
  38  7:59  Marine x2  
  40  8:06  SCV  
  40  8:10  Marine x2, Command Center  
  40  8:11  Barracks  
  43  8:17  Marine x2  
  43  8:18  SCV  
  46  8:20  Refinery, Terran Infantry Armor Level 1  
  46  8:28  Marine x2  
  48  8:35  Marine x2  
  50  8:46  Marine x2  
  52  8:52  Marine  
  52  8:53  Marine  
  54  9:04  Marine x2  
  56  9:14  Marine  
  56  9:15  Marine x2  
  59  9:21  Marine  
  59  9:22  Marine  
  61  9:32  Marine x2  
  61  9:33  Marine  
  64  9:39  Marine x2  
  66  9:50  Marine x3  
  69  9:57  Marine x2  
  71  10:02  SCV  
  72  10:08  Marine x3  
  72  10:09  SCV  
  72  10:14  SCV  
  77  10:15  Marine  
  77  10:16  Supply Depot  
  78  10:21  Supply Depot  
  78  10:32  SCV  
  78  10:38  SCV  
Show
View Real Time Build Order
Export as new Build Order

qqq Zerg - Winner!

Build Orders: Hatch First 

Get SALT Encoding   

  12  0:01  Drone  
  13  0:09  Drone  
  14  0:37  Hatchery  
  13  0:53  Spawning Pool  
  12  1:00  Overlord  
  12  1:04  Drone  
  12  1:09  Drone  
  14  1:13  Extractor  
  14  1:16  Drone  
  14  1:23  Drone  
  15  1:33  Drone  
  16  1:41  Queen  
  18  1:51  Queen  
  20  1:56  Drone  
  20  2:01  Zergling x2  
  22  2:05  Drone  
  23  2:10  Drone  
  23  2:13  Zergling x2  
  25  2:19  Metabolic Boost  
  25  2:24  Zergling x2  
  26  2:36  Zergling x2  
  27  2:53  Zergling x2, Overlord  
  27  2:54  Overlord x2  
  28  3:12  Zergling x12  
  34  3:24  Zergling x4  
  34  3:25  Zergling x2  
  37  3:29  Baneling Nest  
  36  3:36  Zergling x2  
  36  3:37  Drone, Zergling x2  
  39  3:49  Zergling x2  
  39  3:50  Drone, Zergling x4  
  42  4:03  Zergling x2  
  42  4:04  Drone  
  42  4:06  Drone, Overlord  
  45  4:22  Zergling x4  
  46  4:35  Baneling x3  
  46  4:36  Baneling  
  43  4:52  Zergling x4  
  42  4:53  Zergling x10  
  42  4:54  Zergling x2  
  48  5:06  Baneling x4  
  43  5:13  Zergling x2  
  43  5:14  Zergling x6  
  43  5:24  Baneling x2  
  42  5:32  Zergling x4  
  42  5:33  Zergling x2  
  33  5:50  Zergling x8  
  33  5:51  Drone, Zergling x4  
  33  5:52  Zergling x4  
  42  6:06  Zergling x2  
  42  6:08  Baneling  
  42  6:09  Baneling  
  43  6:17  Baneling x2  
  44  6:18  Zergling x2  
  44  6:19  Zergling x4  
  32  6:40  Zergling x2  
  32  6:41  Zergling x10  
  32  6:42  Zergling x2  
  37  6:59  Zergling x4  
  37  7:00  Zergling x2  
  38  7:11  Zergling x2  
  38  7:12  Zergling x2  
  39  7:25  Zergling x2  
  39  7:26  Zergling x8  
  39  7:27  Zergling x2  
  44  7:41  Hatchery  
  44  7:42  Hatchery  
  35  7:56  Zergling x2  
  35  7:57  Zergling x8  
  35  7:58  Zergling x8  
  40  7:59  Zergling x2  
  40  8:03  Lair  
  43  8:13  Zergling x2  
  43  8:15  Zergling x2  
  43  8:16  Zergling x2  
  46  8:29  Baneling x4  
  46  8:37  Zergling x2  
  46  8:38  Zergling x8  
  46  8:39  Drone x2  
  46  8:40  Zergling x4  
  42  9:06  Zergling x8  
  42  9:07  Zergling x12  
  46  9:24  Zergling x6  
  49  9:25  Zergling x10  
  49  9:28  Drone x2  
  56  9:36  Queen  
  56  9:37  Queen  
  60  9:39  Overlord x2  
  60  9:40  Zergling x6  
  62  10:04  Zergling x8  
  62  10:05  Zergling x10  
  62  10:06  Zergling x6  
  74  10:17  Zergling x4  
  74  10:19  Drone x3, Zergling x2  
Show
View Real Time Build Order
Export as new Build Order

Loki Terran 

Build Orders:  

Get SALT Encoding   

  12  0:01  SCV  
  13  0:14  SCV  
  14  0:23  Supply Depot  
  14  0:26  SCV  
  15  0:31  Refinery  
  15  0:45  SCV  
  15  0:47  Barracks  
  17  0:57  SCV  
  17  1:09  SCV  
  18  1:11  Supply Depot  
  18  1:22  SCV  
  19  1:44  Orbital Command  
  19  1:45  Reaper  
  20  2:11  Factory  
  19  2:23  Marine  
  19  2:29  SCV  
  21  2:30  Bunker  
  21  2:52  SCV  
  22  2:59  Marine  
  22  3:00  Factory Tech Lab  
  22  3:04  SCV, Supply Depot  
  24  3:16  SCV  
  25  3:27  Command Center  
  25  3:29  SCV  
  26  3:42  SCV  
  26  3:48  Siege Tank  
  29  3:49  Marine  
  30  3:56  Barracks  
  30  4:00  SCV  
  30  4:02  Bunker  
  31  4:08  Marine  
  31  4:09  Refinery  
  32  4:50  Marine  
  33  4:59  SCV  
  34  5:02  Marine  
  35  5:09  Siege Tank  
  38  5:20  Marine x2  
  40  5:38  Marine  
  37  5:53  Siege Tank  
  40  6:00  Marine x2  
  37  6:22  Marine  
  3  6:43  Marine  
  3  6:44  Marine  
  4  6:58  Orbital Command  
  4  7:02  Marine  
  4  7:20  Marine  
  5  7:43  SCV  
  6  7:52  Supply Depot  
  6  7:56  SCV  
  7  8:08  SCV  
  7  8:10  Command Center  
  8  8:26  Factory Tech Lab, Marine  
  9  8:31  SCV  
  10  8:37  Barracks  
  10  8:49  SCV  
  10  9:37  Supply Depot  
  3  9:54  Factory Tech Lab  
  3  10:07  SCV  
  4  10:27  SCV  
  5  10:34  Supply Depot  
Show
View Real Time Build Order
Export as new Build Order

LDH Zerg 

Build Orders: Hatch First 

Get SALT Encoding   

  12  0:02  Drone  
  13  0:12  Overlord  
  13  0:18  Drone  
  14  0:31  Drone x2  
  14  0:35  Drone  
  17  0:57  Hatchery  
  17  0:58  Drone  
  17  1:01  Extractor  
  17  1:03  Drone  
  17  1:19  Spawning Pool  
  17  1:22  Drone  
  17  1:25  Drone  
  18  1:38  Overlord  
  18  1:40  Drone  
  19  2:08  Queen  
  19  2:09  Zergling x4  
  19  2:10  Zergling x2  
  19  2:13  Roach Warren  
  23  2:17  Metabolic Boost  
  23  2:19  Zergling x2  
  23  2:21  Zergling x2  
  26  2:23  Zergling x2  
  27  2:31  Queen  
  27  2:36  Zergling x2  
  30  2:38  Zergling x2  
  30  2:43  Zergling x2  
  32  2:47  Overlord  
  32  2:52  Zergling x2  
  32  2:57  Zergling x2  
  34  3:03  Spine Crawler  
  34  3:04  Drone  
  34  3:06  Zergling x2  
  35  3:16  Zergling x2  
  35  3:17  Zergling x6  
  39  3:24  Drone  
  40  3:32  Queen  
  40  3:33  Overlord  
  42  3:43  Drone x2  
  44  3:51  Baneling Nest  
  44  3:53  Zergling x6  
  46  3:55  Zergling x2  
  46  3:59  Drone  
  48  4:08  Drone x3  
  51  4:12  Drone  
  52  4:45  Zergling x8  
  47  4:46  Zergling x10  
  43  5:02  Zergling x4  
  31  5:15  Spine Crawler  
  31  5:17  Roach Warren  
  31  5:19  Zergling x4  
  30  5:27  Baneling x4  
  31  5:57  Roach x4  
  31  5:58  Roach x5  
  47  6:11  Roach x2  
  51  6:12  Overlord x2  
  49  6:36  Roach  
  49  6:37  Roach x2  
  49  6:38  Drone x3  
  49  6:39  Overlord x2  
  55  6:57  Roach  
  55  6:58  Roach x2  
  55  7:04  Extractor  
  55  7:08  Roach x3  
  54  7:09  Roach  
  48  7:33  Roach x6  
  60  7:42  Roach x2  
  56  7:55  Roach x2  
  60  8:00  Drone x5  
  65  8:09  Drone x3  
  68  8:21  Roach x3  
  74  8:27  Drone  
  74  8:28  Overlord  
  75  8:37  Lair  
  75  8:43  Roach  
  75  8:44  Roach  
  79  8:58  Roach x3  
  79  8:59  Roach  
  79  9:00  Drone  
  80  9:14  Roach x3  
  76  9:21  Zergling x10  
  81  9:42  Roach x3  
  81  9:43  Roach  
  86  9:49  Roach x2  
  88  9:52  Extractor  
  88  9:59  Extractor  
  86  10:08  Roach x2  
  86  10:10  Overlord x2  
  90  10:16  Drone x2  
Tags
 
Add a new tag
Caveats
  • Supply blocks, unpowered buildings, or Contaminate may cause inaccurate times.
  • Supply counts are checked every 10 seconds.